 Dungeon Crawl Stone Soup version 0.22.1-1-ga44c0e5 (webtiles) character file.

89 topirishpotato the Sneak (level 4, -5/33 HPs)
             Began as a Human Assassin on Sept 28, 2018.
             Killed by divine providence
             ... invoked by an orc priest
              (13 damage)
             ... on level 3 of the Dungeon.
             The game lasted 00:05:21 (2537 turns).

topirishpotato the Sneak (Human Assassin)           Turns: 2537, Time: 00:05:22

Health: -5/33      AC:  4    Str: 11    XL:     4   Next: 84%
Magic:  4/4        EV: 12    Int: 12    God:
Gold:   114        SH:  0    Dex: 15    Spells: 3/3 levels left

rFire    . . .     SeeInvis .   a - +2 dagger
rCold    . . .     Gourm    .   (no shield)
rNeg     . . .     Faith    .   c - +0 robe
rPois    .         Spirit   .   (no helmet)
rElec    .         Reflect  .   d - +0 cloak
rCorr    .         Harm     .   m - +0 pair of gloves
MR       .....                  (no boots)
Stlth    +++.......             (no amulet)
HPRegen  0.11/turn              (no ring)
MPRegen  0.09/turn              (no ring)

@: no status effects
A: no striking features
a: no special abilities


You were on level 3 of the Dungeon.
You were not hungry.

You visited 1 branch of the dungeon, and saw 3 of its levels.

You collected 114 gold pieces.

Inventory:

Hand Weapons
 a - a +2 dagger (weapon)
 b - a +0 blowgun
Missiles
 e - 11 poisoned needles
 f - 2 curare-tipped needles
 h - 5 needles of confusion
Armour
 c - a +0 robe (worn)
 d - a +0 cloak (worn)
 m - a +0 pair of gloves (worn)
Scrolls
 n - a scroll of fear {unknown}
 p - 2 scrolls of blinking {unknown}
 r - a scroll of magic mapping {unknown}
Potions
 i - a potion of mutation {unknown}
 j - a potion of haste
 k - a potion of degeneration
 l - a potion of magic
 o - 3 potions of flight
 q - a potion of lignification {unknown}
 s - a potion of brilliance {unknown}
Comestibles
 g - 2 rations


   Skills:
 - Level 2.0 Fighting
 + Level 3.1 Short Blades
 - Level 2.0 Throwing
 - Level 1.0 Dodging
 + Level 5.4 Stealth


You had 3 spell levels left.
You didn't know any spells.
Your spell library was empty.

Dungeon Overview and Level Annotations

Branches:
Dungeon (3/15)

Altars:
Nemelex Xobeh
The Shining One


Message History

You hit the orc priest.
The orc priest is moderately wounded.
You hear a shout!
The orc priest invokes the aid of Beogh against you.
Beogh smites you!
* * * LOW HITPOINT WARNING * * *
You closely miss the orc priest.
The orc priest is moderately wounded.
An orc comes into view. It is wielding a dagger.
The orc priest misses you.
You closely miss the orc priest.
The orc priest is moderately wounded.
The orc priest begins to cast a cantrip, but forgets the words!
You hit the orc priest but do no damage.
The orc priest is moderately wounded.
You closely miss the orc priest.
The orc priest is moderately wounded.
The orc priest mumbles some strange prayers to Beogh against you.
Beogh smites you!
You die...

.....#.#
#.#...######....#####
..#..#.# #.#.....
......# ..##.#.#
#(#..#######.####
..##.#.# #.#... #..
..##...# #.##.# ###
..###..# #.#... .###
#.# #..# #)# .....
#.# #..#
#.######...o.. #.#
#..# #.....@o.o....
..# #..#
########...... ###
#.># ..... ... ##.#
.... ...###.## ###
........# ........#
............
...###.......


You could see an orc priest and 2 orcs.

Vanquished Creatures
  An adder (D:3)
  3 worms
  3 dart slugs (D:3)
  2 leopard geckos
  4 orcs (D:3)
  7 bats
  4 giant cockroaches
  6 goblins
  9 hobgoblins
  6 frilled lizards
  6 kobolds
  8 rats
59 creatures vanquished.

Notes
Turn   | Place    | Note
-------+----------+-------------------------------------------
     0 | D:1      | topirishpotato the Human Assassin began the quest for the
                  | Orb.
     0 | D:1      | Reached XP level 1. HP: 16/16 MP: 1/1
    66 | D:1      | Reached XP level 2. HP: 14/22 MP: 2/2
   639 | D:2      | Reached XP level 3. HP: 27/27 MP: 3/3
   828 | D:2      | Reached skill level 5 in Stealth
  1590 | D:3      | Reached XP level 4. HP: 33/33 MP: 4/4
  1606 | D:3      | Found a sparkling altar of Nemelex Xobeh.
  1616 | D:3      | Found a glowing golden altar of the Shining One.
  2537 | D:3      | Killed from afar by an orc priest

Skill      XL: |  1  2  3  4 |
---------------+-------------+-----
Stealth        | 5 |  5.4
Short Blades   | 3 |  3.1
Fighting       | |  2.0
Throwing       | |  2.0
Dodging        | |  1.0

Action                   |  1- 3 |  4- 6 || total
-------------------------+-------+-------++-------
Melee: Dagger            |   108 |    96 ||   204
  Use: Scroll            |     5 |       ||     5
 Stab: Sleeping          |    13 |     1 ||    14
       Distracted        |       |     1 ||     1
  Eat: Chunk             |     2 |     3 ||     5
Armor: Robe              |    30 |    27 ||    57
Dodge: Dodged            |    77 |    55 ||   132
